 Dungeon Crawl Stone Soup version 0.30-a0-912-ge10d75a369 (webtiles) character file.

Game seed: 8079123937971497985

697 Grim the Skirmisher (level 7, -6/56 HPs)
             Began as a Minotaur Hunter on Mar 19, 2023.
             Mangled by a sleepcap (9 damage)
             ... on level 5 of the Dungeon.
             The game lasted 00:05:25 (3411 turns).

Grim the Skirmisher (Minotaur Hunter)               Turns: 3411, Time: 00:05:26

Health: -6/56      AC:  4    Str: 16    XL:     7   Next: 37%
Magic:  6/6        EV:  2    Int:  6    God:
Gold:   169        SH:  0    Dex: 15    Spells: 6/6 levels left

rFire   . . .      SeeInvis .    a - +0 hand axe
rCold   . . .      Faith    .    (no shield)
rNeg    . . .      Spirit   .    c - +0 leather armour
rPois   .          Reflect  .    (helmet restricted)
rElec   .          Rampage  .    m - +0 cloak
rCorr   .                        (no gloves)
Will    +....                    (no boots)
Stlth   +                        (no amulet)
HPRegen 0.29/turn                w - ring of willpower
MPRegen 0.10/turn                (no ring)

@: sleeping
A: horns 2, retaliatory headbutt
a: no special abilities


You were on level 5 of the Dungeon.
You visited 1 branch of the dungeon, and saw 5 of its levels.

You collected 169 gold pieces.

Inventory:

Hand Weapons
 a - a +0 hand axe (weapon)
 b - a +0 arbalest
 x - a +0 shortbow
Missiles
 y - 2 throwing nets
Armour
 c - a +0 leather armour (worn)
 m - a +0 cloak (worn)
Jewellery
 w - a ring of willpower (left hand)
Wands
 n - a wand of paralysis (5)
 t - a wand of polymorph (11)
Scrolls
 d - 2 scrolls of fear {unknown}
 e - a scroll of acquirement {unknown}
 i - 4 scrolls of identify {unknown}
 j - 2 scrolls of fog {unknown}
 k - a scroll of butterflies {unknown}
 l - 3 scrolls of immolation
 o - a scroll of noise {unknown}
Potions
 f - a potion of heal wounds {unknown}
 g - a potion of degeneration {unknown}
 h - a potion of resistance {unknown}
 p - a potion of ambrosia {unknown}
 q - a potion of curing {unknown}
 r - a potion of flight {unknown}
 s - a potion of attraction {unknown}
 v - a potion of brilliance {unknown}
Miscellaneous
 u - a piece from Xom's chessboard (15/15)


   Skills:
 - Level 2.4 Fighting
 + Level 2.1 Axes
 * Level 9.7 Ranged Weapons
 - Level 2.1 Dodging
 - Level 0.7 Stealth


You had 6 spell levels left.
You didn't know any spells.
Your spell library contained the following spells:

 Spells                   Type           Power      Damage    Failure   Level
 Shock                    Conj/Air       0%         1d3       52%         1
 Summon Small Mammal      Summ           0%         N/A       52%         1
 Ensorcelled Hibernation  Hex/Ice        0%         N/A       67%         2
 Passwall                 Tmut/Erth      0%         N/A       67%         2
 Static Discharge         Conj/Air       0%         2-2/arc   67%         2
 Sublimation of Blood     Necr           0%         N/A       67%         2
 Wereblood                Tmut           0%         N/A       67%         2
 Call Canine Familiar     Summ           0%         N/A       88%         3
 Summon Guardian Golem    Hex/Summ       0%         N/A       88%         3
 Swiftness                Air            0%         N/A       88%         3
 Vhi's Electric Charge    Tloc/Air       0%         N/A       88%         3
 Airstrike                Air            0%         2d(0-16)  99%         4
 Arcjolt                  Conj/Air       0%         1d10      100%        5
 Plasma Beam              Fire/Air       0%         2x1d11    100%        5
 Summon Hydra             Summ           0%         N/A       100%        7


Dungeon Overview and Level Annotations

Branches:
Dungeon (5/15)
 Temple: D:4-7

Altars:
Ashenzari
Qazlal
Xom

Shops:
D:2 !


Innate Abilities, Weirdness & Mutations

You have a pair of horns on your head.
You reflexively headbutt those who attack you in melee.


Message History

You hit the sleepcap. You headbutt the sleepcap.
The sleepcap is heavily damaged.
The sleepcap releases spores at you.
* * * LOW HITPOINT WARNING * * *
You are engulfed in a cloud of soporific spores!
You fall asleep.
The sleepcap releases spores at you but does no damage.
The sleepcap releases spores at you.
You wake up.
* * * LOW HITPOINT WARNING * * *
You slash the sleepcap!
You headbutt the sleepcap, but do no damage.
The sleepcap is severely damaged.
The sleepcap barely misses you.
You hit the sleepcap.
You headbutt the sleepcap, but do no damage.
The sleepcap is almost destroyed.
The sleepcap releases spores at you!
* * * LOW HITPOINT WARNING * * *
You are engulfed in a cloud of soporific spores!
You are unaffected.
You hit the sleepcap but do no damage.
The sleepcap is almost destroyed.
The sleepcap barely misses you. The sleepcap releases spores at you!
* * * LOW HITPOINT WARNING * * *
You hit the sleepcap. You headbutt the sleepcap.
The sleepcap is almost destroyed.
The sleepcap releases spores at you.
* * * LOW HITPOINT WARNING * * *
You are engulfed in a cloud of soporific spores!
You are unaffected.
You hit the sleepcap but do no damage.
The sleepcap is almost destroyed.
The sleepcap releases spores at you!
* * * LOW HITPOINT WARNING * * *
You are engulfed in a cloud of soporific spores!
You fall asleep.
You hear the rusting of a very distant drain.
The sleepcap releases spores at you but does no damage.
The sleepcap releases spores at you!
You die...

#.......#
.##
#.##.##.####
...
#.##.......#
..#
#.#####.##.#
#.#
#.......##.#
#.#
##########.#
#.# #.. ##
#f# ####.
#.##@# #....
## #>#.#
#....
#.###..#
#..##
#.#.###
#.###..#
#.#####
#......#
#.#...#
######.#
#.....#
#####.#
###...###
#.....#
#.......#
#.#####


You could see a sleepcap.

Vanquished Creatures
  Sigmund (D:2)
  An ogre (D:5)
  A howler monkey (D:4)
  2 hounds
  An orc priest (D:4)
  Ijyb (D:4)
  An orc wizard (D:4)
  2 iguanas
  9 gnolls
  5 adders
  An ufetubus (D:4)
  2 worms
  2 dart slugs
  5 orcs
  6 endoplasms
  6 giant cockroaches
  5 goblins
  8 hobgoblins
  2 jackals (D:2)
  4 kobolds
  4 quokkas
  9 ball pythons
  2 bats
  4 frilled lizards
  6 rats
  A butterfly (D:4)
91 creatures vanquished.

Vanquished Creatures (others)
  A fungus (D:5)
1 creature vanquished.

Grand Total: 92 creatures vanquished

Notes
Turn   | Place    | Note
-------+----------+-------------------------------------------
     0 | D:1      | Grim the Minotaur Hunter began the quest for the Orb.
     0 | D:1      | Reached XP level 1. HP: 18/18 MP: 0/0
   212 | D:1      | Reached XP level 2. HP: 25/25 MP: 1/1
   245 | D:1      | Reached skill level 5 in Ranged Weapons
  1093 | D:2      | Reached XP level 3. HP: 24/30 MP: 2/2
  1244 | D:2      | Noticed Sigmund
  1246 | D:2      | Killed Sigmund
  1247 | D:2      | Reached skill level 7 in Ranged Weapons
  1247 | D:2      | Reached XP level 4. HP: 37/37 MP: 3/3
  1247 | D:2      | Reached XP level 5. HP: 42/42 MP: 4/4
  1399 | D:2      | Noticed a great orb of eyes
  1401 | D:2      | Found a faded altar of an unknown god.
  1404 | D:2      | Noticed a golden eye
  1404 | D:2      | Noticed a great orb of eyes
  1404 | D:2      | Noticed an eye of devastation
  1518 | D:2      | Found Dochavoc's Distillery.
  1845 | D:3      | Found a stormy altar of Qazlal.
  1991 | D:3      | Found a broken altar of Ashenzari.
  2274 | D:4      | Reached skill level 8 in Ranged Weapons
  2274 | D:4      | Reached XP level 6. HP: 49/50 MP: 5/5
  2565 | D:4      | Found a shimmering altar of Xom.
  2566 | D:4      | Noticed Ijyb
  2570 | D:4      | Killed Ijyb
  2832 | D:4      | Reached skill level 9 in Ranged Weapons
  3175 | D:5      | Entered Level 5 of the Dungeon
  3290 | D:4      | Reached XP level 7. HP: 56/56 MP: 6/6
  3360 | D:5      | Reached skill level 1 in Axes
  3409 | D:5      | HP: 2/56 [sleepcap (8)]
  3411 | D:5      | Mangled by a sleepcap

Illustrated notes

Levels and vault maps discovered:
D:1:      grunt_arrival_crossed_arrows, layout_loops_ring,
          serial_co_window_serial, co_window_paths_b, co_window_corner_a,
          co_window_of_opportunity_a, co_window_corner_a,
          co_window_of_opportunity_a, co_window_paths_a, co_window_paths_a,
          co_window_paths_c, co_window_corner_ca, co_window_unsneaky_path_e,
          co_window_of_opportunity_c, co_window_unsneaky_path_b,
          glass_columns_a, glass_columns_c, glass_columns_a, glass_columns_b,
          fountainhead, minmay_misc_feat_rugged, hex_tiny, minmay_distorted
D:2:      layout_loops_ring, hellmonk_ecumenical_altar_watching_god,
          serial_shops, nicolae_lakefront_shop, uniq_sigmund
D:3:      layout_rooms, mainiacjoe_overflow_large_starburst
D:4:      layout_cave_pods, xom_butterflies, grunt_decor_arrowhead,
          grunt_tough_drop, uniq_ijyb
D:5:      layout_loops_cross, nzn_hepliaklqana_mist_gate,
          lightli_sewer_entry_pipes, dreamdust_mushroom_princess

Skill      XL: |  1  2  3  4  5  6  7 |
---------------+----------------------+-----
Ranged Weapons | 5 7 8 9 |  9.7
Axes           | 2 |  2.1
Fighting       | |  2.4
Dodging        | |  2.1
Stealth        | |  0.7

Action                     |  1- 3 |  4- 6 |  7- 9 || total
---------------------------+-------+-------+-------++-------
  Melee: Hand axe          |       |     6 |    18 ||    24
         Headbutt          |       |     1 |     8 ||     9
   Fire: Shortbow          |    34 |       |       ||    34
         Arbalest          |    31 |   117 |    14 ||   162
 Armour: Leather armour    |     5 |    21 |     7 ||    33
  Dodge: Dodged            |    11 |    41 |    16 ||    68

Table legend: (Time is in decaauts)
 A = Elapsed time spent in this place.
 B = Non-inter-level travel time spent in this place.
 C = Inter-level travel time spent in this place.
 D = Time resting spent in this place.
 E = Time spent auto-exploring this place.
 F = Levels seen in this place.
 G = Mean time per level.
                   A        B        C        D        E       F      G
               +--------+--------+--------+--------+--------+-----+--------+
         Total |   3508 |   3376 |    132 |    283 |   2564 |   5 |  701.6 |
       Dungeon |   3508 |   3376 |    132 |    283 |   2564 |   5 |  701.6 |
               +--------+--------+--------+--------+--------+-----+--------+

Top non-repeatable levels by time:
     D:4: 1197 daAuts
     D:1: 1029 daAuts
     D:2: 699 daAuts
     D:3: 475 daAuts
     D:5: 107 daAuts
